 Dungeon Crawl Stone Soup version 0.29.1-1-gd02db6906a (webtiles) character file.

Game seed: 6366629848816512618

70 Ashen the Firebug (level 4, -3/31 HPs)
             Began as a Demonspawn Fire Elementalist on Oct 11, 2022.
             Constricted to death by Ijyb (5 damage)
             ... on level 3 of the Dungeon.
             The game lasted 00:05:25 (2182 turns).

Ashen the Firebug (Demonspawn Fire Elementalist)    Turns: 2182, Time: 00:05:25

Health: -3/31      AC:  2    Str:  8    XL:     4   Next: 3%
Magic:  1/7        EV:  9    Int: 19    God:
Gold:   123        SH:  0    Dex: 13    Spells: 7/8 levels left

rFire   . . .      SeeInvis .   i - +0 dagger
rCold   . . .      Faith    .   (no shield)
rNeg    . . .      Spirit   .   a - +0 robe
rPois   .          Reflect  .   (no helmet)
rElec   .          Harm     .   (no cloak)
rCorr   .          Rampage  .   (no gloves)
Will    .....                   (no boots)
Stlth   ++........              (no amulet)
HPRegen 0.10/turn               (no ring)
MPRegen 0.10/turn               (no ring)

@: grasped by roots, constricted
A: powered by death 2, weakness stinger 1
a: no special abilities


You were on level 3 of the Dungeon.
You visited 1 branch of the dungeon, and saw 3 of its levels.

You collected 123 gold pieces.

Inventory:

Hand Weapons
 i - a +0 dagger (weapon)
Armour
 a - a +0 robe (worn)
Scrolls
 c - 3 scrolls of teleportation {unknown}
 e - 2 scrolls of magic mapping {unknown}
 h - 3 scrolls of identify {unknown}
 m - a scroll of noise {unknown}
 n - a scroll of immolation {unknown}
Potions
 b - a potion of magic
 d - a potion of mutation {unknown}
 f - a potion of curing
 g - 2 potions of lignification {unknown}
 j - 2 potions of resistance {unknown}
 k - a potion of might {unknown}
 l - a potion of flight {unknown}


   Skills:
 + Level 0.9 Fighting
 + Level 2.0 Dodging
 + Level 2.1 Stealth
 * Level 2.6 Spellcasting
 * Level 2.0 Conjurations
 * Level 3.1 Fire Magic


You had 7 spell levels left.
You knew the following spells:

 Your Spells              Type           Power      Damage    Failure   Level
a - Foxfire               Conj/Fire      48%        2x1d6     5%          1

Your spell library contained the following spells:

 Spells                   Type           Power      Damage    Failure   Level
 Scorch                   Fire           28%        2d6       7%          2
 Conjure Flame            Conj/Fire      12%        6-21      16%         3
 Inner Flame              Hex/Fire       8%         N/A       26%         3
 Flame Wave               Conj/Fire      12%        2d6       47%         4


Dungeon Overview and Level Annotations

Branches:
Dungeon (3/15)

Altars:
Kikubaaqudgha

Shops:
D:1 !

Annotations:
D:3 Ijyb


Innate Abilities, Weirdness & Mutations

You regenerate health from kills.
You have a small tail.


Message History

You conjure some foxfire!
Ijyb hits you with a +0 dagger.
Casting: Foxfire (safe; 5% risk of failure)
Confirm with . or Enter, or press ? or * to list all spells.
You conjure some foxfire!
The foxfire hits Ijyb.
Ijyb is severely wounded.
The foxfire hits Ijyb but does no damage.
Ijyb is severely wounded.
Ijyb hits you with a +0 dagger.
You barely miss Ijyb.
Ijyb is severely wounded.
The foxfire hits Ijyb.
Ijyb is severely wounded.
The foxfire hits Ijyb.
Ijyb is almost dead.
Ijyb barely misses you.
You hit Ijyb.
Ijyb is almost dead.
A goblin comes into view. It is wielding a +0 dagger.
Ijyb zaps a wand.
The roots erupt in riotous growth!
The grasping roots grab you!
Ijyb is unaffected.
The grasping roots constrict you.
You hear a shout!
You hit Ijyb but do no damage.
Your tail-slap misses Ijyb.
Ijyb is almost dead.
Ijyb hits you with a +0 dagger. The grasping roots constrict you.
You hit Ijyb but do no damage.
Your tail-slap misses Ijyb.
Ijyb is almost dead.
Ijyb barely misses you. The grasping roots constrict you.
* * * LOW HITPOINT WARNING * * *
The grasping roots release their grip on you.
You hit Ijyb but do no damage.
Ijyb is almost dead.
Ijyb hits you with a +0 dagger.
* * * LOW HITPOINT WARNING * * *
You hit Ijyb but do no damage.
Ijyb is almost dead.
Ijyb zaps a wand.
The roots erupt in riotous growth!
The grasping roots grab you!
Ijyb is unaffected.
The grasping roots constrict you.
You die...

###############
8....g..@.....########
.####.g.............#
#.######.######.# #.#
#.# #.#
#.######.######.#
#...............#
#..#####.#####..# #..#
#.# #..# #..# #.# #..#


You could see Ijyb and a goblin.

Vanquished Creatures
  2 adders
  A gnoll (D:1)
  A worm (D:2)
  A dart slug (D:2)
  2 orcs (D:3)
  5 endoplasms
  2 giant cockroaches
  6 goblins
  2 hobgoblins
  3 ball pythons
  2 frilled lizards (D:1)
  3 kobolds
  5 rats
35 creatures vanquished.

Vanquished Creatures (others)
  117 foxfires
117 creatures vanquished.

Grand Total: 152 creatures vanquished

Notes
Turn   | Place    | Note
-------+----------+-------------------------------------------
     0 | D:1      | Ashen the Demonspawn Fire Elementalist began the quest for
                  | the Orb.
     0 | D:1      | Reached XP level 1. HP: 13/13 MP: 3/3
    88 | D:1      | You fall into a shaft and drop 1 floor!
   313 | D:2      | Gained mutation: You regenerate a little health from kills.
                  | [demonic ancestry]
   313 | D:2      | Reached XP level 2. HP: 18/19 MP: 0/5
   465 | D:2      | Found a faded altar of an unknown god.
   715 | D:2      | Found an ancient bone altar of Kikubaaqudgha.
  1042 | D:2      | Gained mutation: You have a small tail. [demonic ancestry]
  1042 | D:2      | Reached XP level 3. HP: 25/25 MP: 2/6
  1149 | D:1      | Reached skill level 3 in Fire Magic
  1364 | D:1      | Found Bigrokhla's Distillery.
  2055 | D:3      | Gained mutation: You regenerate health from kills. [demonic
                  | ancestry]
  2055 | D:3      | Reached XP level 4. HP: 31/31 MP: 3/7
  2159 | D:3      | Noticed Ijyb
  2171 | D:3      | HP: 1/31 [constriction (3)]
  2182 | D:3      | Constricted to death by Ijyb

Illustrated notes

Levels and vault maps discovered:
D:1:      erik_arrival_triangle_huge, layout_basic, serial_curves,
          eino_curves_04, eino_curves_04, serial_shops,
          nicolae_shop_hallway_stairs
D:2:      layout_basic, dilly_ecumenical_altar_fadedgnrine, basic_altar
D:3:      layout_loops_ring, kb_xom_exploding_sheep, minitemple,
          nicolae_elevator_lobby_plus, uniq_natasha, uniq_ijyb, uniq_terence

Skill      XL: |  1  2  3 |
---------------+----------+-----
Stealth        | 2 |  2.1
Dodging        | 2 |  2.0
Fire Magic     | 3 |  3.1
Conjurations   | 2 |  2.0
Fighting       | |  0.9
Spellcasting   | |  2.6

Action                   |  1- 3 |  4- 6 || total
-------------------------+-------+-------++-------
Melee: Dagger            |    28 |    13 ||    41
       Tailslap          |     1 |       ||     1
 Cast: Foxfire           |    52 |     9 ||    61
  Use: Potion            |       |     3 ||     3
 Stab: Sleeping          |     3 |     1 ||     4
Armor: Robe              |     3 |     2 ||     5
Dodge: Dodged            |    30 |    11 ||    41
